 Dungeon Crawl Stone Soup version 0.29.1-12-g30fa7ad0bf (webtiles) character file.

Game seed: 7511927986643451243

704 Radix the Trooper (level 7, -6/64 HPs)
             Began as a Hill Orc Fighter on Dec 20, 2022.
             Was an Initiate of Beogh.
             Mangled by a two-headed ogre
             ... wielding a +0 giant club
              (19 damage)
             ... on level 5 of the Dungeon.
             The game lasted 00:17:43 (4787 turns).

Radix the Trooper (Hill Orc Fighter)                Turns: 4787, Time: 00:17:43

Health: -6/64      AC: 10    Str: 21    XL:     7   Next: 66%
Magic:  7/7        EV:  7    Int: 14    God:    Beogh [......]
Gold:   169        SH:  4    Dex: 10    Spells: 6/6 levels left

rFire   . . .      SeeInvis .   a - +0 war axe
rCold   . . .      Faith    .   c - +0 buckler
rNeg    . . .      Spirit   .   l - +0 chain mail
rPois   .          Reflect  .   (no helmet)
rElec   .          Harm     .   (no cloak)
rCorr   .          Rampage  .   (no gloves)
Will    +....                   (no boots)
Stlth   ..........              (no amulet)
HPRegen 0.20/turn               g - ring of willpower
MPRegen 0.10/turn               y - +6 ring of intelligence

@: no status effects
A: no striking features
a: Renounce Religion


You were on level 5 of the Dungeon.
You worshipped Beogh.
Beogh was noncommittal.
You visited 1 branch of the dungeon, and saw 5 of its levels.

You collected 169 gold pieces.

Inventory:

Hand Weapons
 a - a +0 war axe (weapon)
Missiles
 u - 4 poisoned darts (quivered)
Armour
 c - a +0 buckler (worn)
 l - a +0 chain mail (worn)
Jewellery
 g - a ring of willpower (left hand)
 y - a +6 ring of intelligence (right hand)
Wands
 o - a wand of roots (9)
 z - a wand of charming (8)
Scrolls
 b - 2 scrolls of noise {unknown}
 j - a scroll of butterflies {unknown}
 m - 3 scrolls of enchant armour {unknown}
 n - 2 scrolls of magic mapping {unknown}
 q - 4 scrolls of identify {unknown}
 s - 2 scrolls of teleportation {unknown}
 x - a scroll of immolation {unknown}
 A - a scroll of enchant weapon {unknown}
Potions
 d - a potion of heal wounds {unknown}
 e - a potion of ambrosia {unknown}
 f - 2 potions of flight {unknown}
 h - 2 potions of haste {unknown}
 i - a potion of curing {unknown}
 k - 2 potions of attraction {unknown}
 p - a potion of brilliance {unknown}
 r - 2 potions of lignification {unknown}
 t - a potion of mutation {unknown}
 v - 2 potions of degeneration {unknown}
 w - 2 potions of berserk rage {unknown}


   Skills:
 + Level 6.7 Fighting
 + Level 6.7 Axes
 + Level 6.1 Armour
 - Level 3.2 Shields


You had 6 spell levels left.
You didn't know any spells.
Your spell library contained the following spells:

 Spells                   Type           Power      Damage    Failure   Level
 Slow                     Hex            0%         N/A       97%         1
 Sublimation of Blood     Necr           0%         N/A       99%         2
 Confusing Touch          Hex            0%         N/A       100%        3
 Vampiric Draining        Necr           0%         2d6       100%        3
 Petrify                  Tmut/Erth      0%         N/A       100%        4
 Irradiate                Conj/Tmut      0%         3d11      100%        5
 Yara's Violent Unravell  Hex/Tmut       0%         3d3       100%        5
 Enfeeble                 Hex            0%         N/A       100%        7


Dungeon Overview and Level Annotations

Branches:
Dungeon (5/15)             Temple (0/1) D:4

Altars:
Cheibriados
Dithmenos
Fedhas
Hepliaklqana
Yredelemnul

Shops:
D:1 [   D:4 [


Message History

u - 3 poisoned darts (gained 1)
u - 4 poisoned darts (gained 1)
u - 5 poisoned darts (gained 1)
You open the door.
There is an open door here.
You open the door.
There is an open door here.
Found a stone staircase leading up.
You open the door.
There is an open door here.
You see here an orb of guile.
A - a scroll labelled BIUSI ROMUEPN You see here an orb of guile.
As you open the door, it creaks loudly!
There is an open door here.
Found a stone staircase leading down.
There is an open door here.
An adder comes into view.
The adder hisses angrily.
You slice the adder!!
You kill the adder!
Beogh accepts your kill.
A two-headed ogre comes into view. It is wielding two +0 giant clubs.
The two-headed ogre shouts in stereo!
Throw: 5 darts (poison)
Press: ? - help, Q - select action, (/) - cycle Shift-Dir - straight line, f - two-headed ogre
Aim: a two-headed ogre, wielding two +0 giant clubs (74% to hit)
You throw a poisoned dart.
The poisoned dart hits the two-headed ogre.
The two-headed ogre is poisoned.
You slash the two-headed ogre!
The two-headed ogre is lightly wounded.
The two-headed ogre hits you with a +0 giant club!!
The two-headed ogre hits you with a +0 giant club.
You hit the two-headed ogre but do no damage.
The two-headed ogre is lightly wounded.
The two-headed ogre hits you with a +0 giant club!!
* * * LOW HITPOINT WARNING * * *
The two-headed ogre hits you with a +0 giant club!!
You die...

#### ...#
...#####################
>..'....................
....
...#########.....###
..... ...# #####.# #.#'#
...# #.### ##'#.. ####
#@..# ...... #######
......O....# ......
......# ...........#
...... ......#
...........# ......
......# ...........'.
...... ......#
...........### .....)
......# ...........#
##.###
......###############
#.### #...........# #.
#.#..


You could see a two-headed ogre (poisoned).

Vanquished Creatures
  A black bear (D:5)
  An ogre (D:5)
  Blork the orc (D:4)
  A scorpion (D:5)
  A jelly (D:5)
  2 hounds (D:4)
  An orc priest (D:5)
  Jessica (D:2)
  An iguana (D:5)
  2 orc wizards
  A mummy (D:3)
  3 gnolls
  4 adders
  An ufetubus (D:5)
  2 worms
  2 dart slugs (D:3)
  12 orcs
  10 bats
  9 endoplasms
  3 giant cockroaches
  4 goblins
  6 hobgoblins
  5 jackals
  8 kobolds
  3 quokkas
  3 ball pythons
  6 frilled lizards
  5 rats
  A spectral kobold (D:2)
100 creatures vanquished.

Vanquished Creatures (others)
  An orc priest (D:5)
  An orc wizard (D:5)
2 creatures vanquished.

Grand Total: 102 creatures vanquished

Notes
Turn   | Place    | Note
-------+----------+-------------------------------------------
     0 | D:1      | Radix the Hill Orc Fighter began the quest for the Orb.
     0 | D:1      | Reached XP level 1. HP: 19/19 MP: 1/1
   150 | D:1      | Reached XP level 2. HP: 24/27 MP: 2/2
   462 | D:1      | Found Sutidip's Antique Armour Emporium.
   740 | D:1      | Reached XP level 3. HP: 30/33 MP: 3/3
  1126 | D:2      | Reached XP level 4. HP: 29/41 MP: 4/4
  1415 | D:2      | Noticed Jessica
  1421 | D:2      | Killed Jessica
  1496 | D:2      | Found a faded altar of an unknown god.
  1845 | D:3      | Found a snail-covered altar of Cheibriados.
  1855 | D:3      | Reached XP level 5. HP: 29/47 MP: 5/5
  2049 | D:3      | Reached skill level 5 in Fighting
  2345 | D:3      | Found a hazy altar of Hepliaklqana.
  2715 | D:4      | Found a shadowy altar of Dithmenos.
  2740 | D:4      | Reached skill level 5 in Axes
  2799 | D:4      | Reached XP level 6. HP: 56/56 MP: 6/6
  2806 | D:4      | Found Mucvuxis's Antique Armour Shop.
  2885 | D:4      | Found a staircase to the Ecumenical Temple.
  2947 | D:4      | Reached skill level 5 in Armour
  2954 | D:4      | Noticed Blork the orc
  2966 | D:4      | Killed Blork the orc
  3021 | D:4      | Found a blossoming altar of Fedhas.
  3604 | D:5      | Entered Level 5 of the Dungeon
  3805 | D:5      | Found a basalt altar of Yredelemnul.
  3815 | D:5      | Reached XP level 7. HP: 21/63 MP: 7/7
  4146 | D:5      | Became a worshipper of Beogh the Brigand
  4784 | D:5      | Noticed a two-headed ogre
  4787 | D:5      | Mangled by a two-headed ogre

Illustrated notes

Levels and vault maps discovered:
D:1:      minmay_arrival_doors, layout_basic, serial_shops, shop, minivault_5,
          st_stairs_10
D:2:      layout_rooms, dreamdust_ecumenical_altar_drowned_temple, uniq_jessica
D:3:      layout_loops_ring, slow_altar_1, nicolae_hepliaklqana_hazy_memory
D:4:      layout_basic, lemuel_doored_altar, mainiacjoe_overflow_paths,
          minmay_temple_entry_slanted, serial_shops, shop, uniq_blork_the_orc
D:5:      layout_basic, hangedman_feature_mirror

Skill      XL: |  1  2  3  4  5  6  7 |
---------------+----------------------+-----
Axes           | 3 4 5 6 |  6.7
Fighting       | 4 5 6 |  6.7
Armour         | 4 5 6 |  6.1
Shields        | |  3.2

Action                   |  1- 3 |  4- 6 |  7- 9 || total
-------------------------+-------+-------+-------++-------
Melee: War axe           |    71 |   180 |    46 ||   297
Throw: Dart              |       |     3 |     4 ||     7
Invok: Convert to Beogh  |       |       |     1 ||     1
  Use: Potion            |       |       |     1 ||     1
Armor: Scale mail        |    37 |     8 |       ||    45
       Chain mail        |       |   118 |    31 ||   149
Dodge: Dodged            |    44 |    75 |    19 ||   138
Block: Buckler           |    17 |    37 |    13 ||    67
